 Dungeon Crawl Stone Soup version 0.17.1-3-g152610e (webtiles) character file.

431 Locuples the Covert (level 6, -1/44 HPs)
             Began as a Vampire Assassin on Mar 25, 2016.
             Was a Follower of Dithmenos.
             Killed from afar by an orc wizard (7 damage)
             ... with a magic dart
             ... on level 4 of the Dungeon.
             The game lasted 00:14:27 (3843 turns).

Locuples the Covert (Vampire Assassin)              Turns: 3843, Time: 00:14:27

Health: -1/44      AC:  6    Str: 11    XL:     6   Next: 67%
Magic:  6/6        EV: 12    Int: 14    God:    Dithmenos [*.....]
Gold:   113        SH:  0    Dex: 16    Spells: 0 memorised, 5 levels left

rFire  . . .     SeeInvis +     a - +2 dagger
rCold  + + .     Clarity  .     c - +0 robe
rNeg   + + +     SustAt   .     (no shield)
rPois  ∞         Gourm    .     i - +2 helmet
rElec  .         Spirit   .     d - +0 cloak
rCorr  .         Warding  .     (no gloves)
rMut   .         Stasis   .     (no boots)
MR     .....                    (no amulet)
Stlth  +++++++...               (no ring)
                                u - ring of see invisible

@: bloodless, non-regenerating, slowed, wreathed by umbra, very slow, not
resistant to hostile enchantments, extremely stealthy
A: fangs 3, see invisible, unbreathing
a: Bat Form, Renounce Religion


You were on level 4 of the Dungeon.
You worshipped Dithmenos.
Dithmenos was aware of your devotion.
You were bloodless.

You visited 1 branch of the dungeon, and saw 4 of its levels.

You collected 113 gold pieces.

Inventory:

Hand Weapons
 a - a +2 dagger (weapon)
 b - a +0 blowgun
Missiles
 e - 18 poisoned needles
 f - 2 curare-tipped needles
Armour
 c - a +0 robe (worn)
 d - a +0 cloak (worn)
 i - a +2 helmet (worn)
Jewellery
 u - a ring of see invisible (left hand)
Scrolls
 g - a scroll of enchant weapon {unknown}
 j - a scroll of fear {unknown}
 k - 3 scrolls of remove curse {unknown}
 o - a scroll of noise {unknown}
 p - 2 scrolls of amnesia {unknown}
 q - a scroll of blinking {unknown}
 t - 2 scrolls of identify {unknown}
 x - a scroll of teleportation {unknown}
Potions
 h - a potion of lignification {unknown}
 l - a potion of curing
 m - 2 potions of invisibility {unknown}
 n - a potion of mutation {unknown}
 r - a potion of ambrosia {unknown}
 s - a potion of heal wounds {unknown}
 v - 3 potions of cure mutation {unknown}
 w - a potion of magic {unknown}


   Skills:
 - Level 1.7 Fighting
 - Level 2.1 Short Blades
 - Level 1.5 Throwing
 - Level 1.1 Dodging
 * Level 12.0 Stealth


You had 5 spell levels left.
You didn't know any spells.

Dungeon Overview and Level Annotations

Branches:
Dungeon (4/15)
 Temple: D:4-7

Altars:
Dithmenos
Elyvilon
Kikubaaqudgha
Makhleb
Qazlal
Ru
Xom
Yredelemnul


Innate Abilities, Weirdness & Mutations

You do not heal naturally.
You are immune to poison.
You have razor-sharp teeth.
You have supernaturally acute eyesight.
You can survive without breathing.


Message History

a mace; a dagger; a robe; an orc corpse Drink which item? (? for menu, Esc to quit)
You feel better.
The orc wizard points at you and mumbles some strange words.
The magic dart hits you!
* * * LOW HITPOINT WARNING * * *
You hit the orc wizard.
The orc wizard is almost dead.
The orc wizard gestures wildly while chanting.
The orc wizard blinks!
The orc wizard hits you but does no damage.
You see here a ball python corpse.
You closely miss the orc wizard.
You bite the orc wizard, but do no damage.
The orc wizard is almost dead.
The orc wizard mumbles some strange words.
The orc wizard blinks!
The orc wizard points at you and mumbles some strange words.
The magic dart hits you!
You die...

#
#.........#..##..####.#.#.###
##.##.##.##.....#..####[#.#..
#####>##.####...#.†.....#.###
......##.####...##.######
########...........#
###############.####
##.......# ####.######
##.......###.........###..
##........##.#.#@###......
##.......#.#....†).o......
##........###..##.##......
#.......## #..##.##.##...
#.......# #........# .
######.## #........# #.#
#..##.##.# #.#####o.<#.# .#
#######...<.......# #


You could see an orc wizard.

Vanquished Creatures
  2 ogres
  An orc priest (D:3)
  An orc wizard (D:4)
  10 adders
  4 gnolls (D:3)
  An ooze (D:2)
  A worm (D:3)
  9 giant geckos
  3 orcs
  4 giant cockroaches
  8 goblins
  8 hobgoblins
  9 kobolds
  A quokka (D:3)
  3 ball pythons
  10 bats
  4 giant newts
  6 rats
85 creatures vanquished.

Notes
Turn   | Place    | Note
--------------------------------------------------------------
     0 | D:1      | Locuples the Vampire Assassin began the quest for the Orb.
     0 | D:1      | Reached XP level 1. HP: 16/16 MP: 1/1
    19 | D:1      | Reached skill level 6 in Stealth
   317 | D:1      | Reached XP level 2. HP: 8/22 MP: 2/2
   689 | D:1      | Reached skill level 7 in Stealth
  1164 | D:2      | Reached XP level 3. HP: 27/27 MP: 3/3
  1345 | D:2      | Reached skill level 8 in Stealth
  1528 | D:2      | Reached XP level 4. HP: 31/33 MP: 4/4
  2078 | D:3      | Reached skill level 9 in Stealth
  2118 | D:3      | Found a white marble altar of Elyvilon.
  2151 | D:3      | Found a shadowy altar of Dithmenos.
  2151 | D:3      | Found an ancient bone altar of Kikubaaqudgha.
  2162 | D:3      | Found a sacrificial altar of Ru.
  2162 | D:3      | Found a basalt altar of Yredelemnul.
  2162 | D:3      | Found a burning altar of Makhleb.
  2166 | D:3      | Became a worshipper of Dithmenos the Shadowed
  2404 | D:3      | Reached XP level 5. HP: 26/38 MP: 5/5
  2448 | D:3      | Reached skill level 10 in Stealth
  2856 | D:3      | Found a stormy altar of Qazlal.
  2862 | D:3      | HP: 1/38 [gnoll/halberd (14)]
  2945 | D:3      | Noticed an ogre
  2958 | D:3      | Killed an ogre
  2958 | D:3      | Reached skill level 11 in Stealth
  2958 | D:3      | Reached XP level 6. HP: 13/44 MP: 6/6
  3632 | D:4      | Found a shimmering altar of Xom.
  3810 | D:4      | Reached * piety under Dithmenos
  3810 | D:4      | Reached skill level 12 in Stealth
  3843 | D:4      | Killed from afar by an orc wizard

Action                   |  1- 3 |  4- 6 || total
-------------------------+-------+-------++-------
Melee: Dagger            |   120 |   199 ||   319
  Use: Potion            |       |     3 ||     3
 Stab: Sleeping          |    12 |    13 ||    25
       Distracted        |       |     2 ||     2
